 Dungeon Crawl Stone Soup version 0.31-a0-1370-gf52a5a9ab3 (webtiles) character file.

Game seed: 9934627017982146848

4062 Laraso the Basher (level 10, -12/92 HPs)
             Began as an Oni Cinder Acolyte on Dec 23, 2023.
             Was a High Priest of Ignis.
             Mangled by an orc warrior
             ... wielding a +0 glaive
              (13 damage)
             ... on level 9 of the Dungeon.
             The game lasted 00:15:51 (9208 turns).

Laraso the Basher (Oni Cinder Acolyte)              Turns: 9208, Time: 00:15:52

Health: -12/92     AC: 11    Str: 19    XL:     10   Next: 25%
Magic:  8/16       EV:  9    Int: 18    God:    Ignis [*****.]
Gold:   471        SH:  0    Dex:  8    Spells: 12/17 levels left

rFire   + + .        a - +2 flail (freeze)
rCold   . . .        (no shield)
rNeg    . . .        B - +0 steam dragon scales
rPois   .            (helmet restricted)
rElec   .            d - +0 cloak
rCorr   .            (gloves unavailable)
SInv    .            (boots unavailable)
Will    ++...        (no amulet)
Stlth   +            e - ring of willpower
HPRegen 0.35/turn    i - +4 ring of protection
MPRegen 0.15/turn

%: no passive effects
@: no status effects
A: large, unfitting armour, horns 2, tough skin 1, double potion healing,
drunken brawling, agile 1, fire resistance 1
a: Renounce Religion, Fiery Armour, Foxfire Swarm, Rising Flame


You were on level 9 of the Dungeon.
You worshipped Ignis.
Ignis was extremely pleased with you.
You visited 1 branch of the dungeon, and saw 10 of its levels.

You collected 471 gold pieces.

Inventory:

Hand Weapons
 a - a +2 flail of freezing (weapon)
 s - a +0 giant spiked club
Armour
 d - a +0 cloak (worn)
 t - a scarf of resistance
 B - +0 steam dragon scales (worn)
Jewellery
 e - a ring of willpower (left hand)
 i - a +4 ring of protection (right hand)
 j - a ring of flight
Wands
 q - a wand of iceblast (14)
 y - a wand of paralysis (21)
 z - a wand of polymorph (5)
 A - a wand of flame (4)
Scrolls
 f - 3 scrolls of amnesia
 g - 2 scrolls of fog
 n - 4 scrolls of noise
 o - a scroll of vulnerability {unknown}
 r - a scroll of fear
 u - a scroll of acquirement {unknown}
 v - a scroll of enchant armour {unknown}
 w - a scroll of poison
 x - a scroll of immolation {unknown}
Potions
 b - a potion of ambrosia {unknown}
 c - a potion of mutation
 h - 2 potions of haste
 k - 3 potions of curing {unknown}
 l - 3 potions of lignification {unknown}
 m - a potion of heal wounds {unknown}
 p - 2 potions of might


   Skills:
 - Level 4.0 Fighting
 * Level 12.8 Maces & Flails
 - Level 4.0 Spellcasting
 - Level 4.0 Fire Magic
 - Level 5.0 Ice Magic


You had 12 spell levels left.
You knew the following spells:

 Your Spells              Type           Power      Damage    Failure   Level
a - Scorch                Fire           36%        2d6       4%          2
b - Ozocubu's Armour      Ice            21%        N/A       5%          3

Your spell library contained the following spells:

 Spells                   Type           Power      Damage    Failure   Level
 Metabolic Englaciation   Hex/Ice        6%         N/A       82%         5
 Simulacrum               Ice/Necr       6%         N/A       100%        6


Dungeon Overview and Level Annotations

Branches:
Dungeon (10/15)            Temple (0/1) D:4
   Lair: D:8-11         Orc: D:9-12

Altars:
Dithmenos
Elyvilon
Fedhas
Nemelex Xobeh
Trog

Shops:
D:2 :   D:8 (

Annotations:
D:5 exclusion: oklob plant
D:10 Fannar


Innate Abilities, Weirdness & Mutations

You are too large for most types of armour.
You have a pair of horns on your head.
You have tough skin. (AC +1)
You gain doubled healing and magic from potions.
Whenever you drink a healing potion, you attack all around you.
You are agile. (Dex +4, Str/Int -1)
Your flesh is heat resistant. (rF+)


Message History

You are too injured to fight recklessly!
Casting: Scorch (safe; 4% risk of failure)
Confirm with . or Enter, or press ? or * to list all spells.
Flames lash the bullfrog.
You kill the bullfrog!
You hear a shout!
You hear a bellow! x3
A yak comes into view. x2
Fannar the Cold-Hearted comes into view.
They are wielding a +0 quarterstaff of freezing and wearing a +1 robe of cold resistance.
Your life force feels restored.
Unknown command.
There are monsters nearby!
A yak comes into view.
The yak bellows!
You hear a shout!
You hear two shouts!
There is a stone staircase leading up here.
You climb upwards.
An orc wizard appears from thin air!
The orc wizard gestures at you while chanting.
You resist with almost no effort.
An orc warrior opens the door.
There is a stone staircase leading down here.
Okay, then.
The orc warrior attacks as it pursues you!
The orc warrior hits you from afar with a +0 glaive!
* * * LOW HITPOINT WARNING * * *
The orc wizard casts a spell.
The orc wizard flickers and vanishes!
Deactivating autopickup; reactivate with Ctrl-A.
You see here a scroll of brand weapon.
The orc warrior attacks as it pursues you!
The orc warrior closely misses you.
A puff of flame appears from out of thin air!
The puff of flame hits you but does no damage.
You resist.
The orc warrior attacks as it pursues you!
The orc warrior hits you from afar with a +0 glaive!
* * * LOW HITPOINT WARNING * * *
Okay, then.
As you read the scroll of fear, it crumbles to dust.
You assume a fearsome visage.
The orc warrior resists with some effort.
The orc warrior hits you from afar with a +0 glaive!
You die...

#.......###+####....8..8......##
#..............#.............##
...........8......8...#
........'.............#
.......>#............##
####.......8......8..#
#....?o..........##
#.........8..8...#
#.....@#..(.....##
#..............##
#.........>.##..#######
+..........####........
#..........# #........
#......##### #........ #......#
#........ #......# ## #........
.. #....[...


You could see an orc warrior.

Vanquished Creatures
  Pikel (D:5)
  A moth of wrath (D:5)
  The ghost of Fractals the Trooper, a novice DsBr of Gozag (D:5)
  Prince Ribbit (D:5)
  2 steam dragons
  Menkaure (D:4)
  Edmund (D:4)
  2 water moccasins
  A sky beast (D:5)
  3 ice beasts
  2 orc warriors (D:8)
  An ogre (D:6)
  3 lemures
  3 phantoms (D:5)
  A kobold brigand (D:7)
  3 bullfrogs
  A scorpion (D:5)
  3 howler monkeys
  2 jellies (D:6)
  2 orc priests (D:4)
  Natasha (D:4)
  5 iguanas
  12 orc wizards
  Robin (D:3)
  3 gnolls (D:4)
  7 adders
  A white imp (D:5)
  4 ufetubi
  4 worms
  A dart slug (D:1)
  15 orcs
  9 endoplasms
  A giant cockroach (D:3)
  6 hobgoblins
  3 quokkas
  8 ball pythons
  5 bats
  4 frilled lizards
  13 goblins
  10 kobolds
  8 rats
156 creatures vanquished.

Vanquished Creatures (others)
  An orc wizard (D:5)
  2 orcs (D:5)
  A quokka (D:8)
4 creatures vanquished.

Grand Total: 160 creatures vanquished

Notes
Turn   | Place    | Note
-------+----------+-------------------------------------------
     0 | D:1      | Laraso the Oni Cinder Acolyte began the quest for the Orb.
     0 | D:1      | Reached XP level 1. HP: 24/24 MP: 2/2
    96 | D:1      | Reached XP level 2. HP: 31/32 MP: 2/4
    99 | D:1      | Learned a level 2 spell: Scorch
   712 | D:2      | Reached XP level 3. HP: 39/39 MP: 0/5
   878 | D:2      | Gained mutation: You are agile. (Dex +4, Str/Int -1)
                  | [potion of mutation]
   878 | D:2      | Gained mutation: Your flesh is heat resistant. (rF+)
                  | [potion of mutation]
   878 | D:2      | Gained mutation: You have a pair of horns on your head.
                  | [potion of mutation]
  1127 | D:2      | Found a faded altar of an unknown god.
  1205 | D:2      | Reached skill level 4 in Maces & Flails
  1459 | D:2      | Found Naaxoale's Book Boutique.
  1501 | D:2      | Learned a level 3 spell: Ozocubu's Armour
  1829 | D:3      | Reached XP level 4. HP: 48/48 MP: 7/7
  1919 | D:3      | Noticed Robin
  2001 | D:3      | Killed Robin
  2559 | D:3      | Reached XP level 5. HP: 54/54 MP: 3/8
  2940 | D:4      | Noticed Menkaure
  2942 | D:4      | Noticed Edmund
  2947 | D:4      | Killed Menkaure
  2948 | D:4      | Reached skill level 5 in Maces & Flails
  2948 | D:4      | Reached XP level 6. HP: 34/62 MP: 2/10
  2962 | D:4      | Killed Edmund
  3772 | D:4      | Noticed Pikel
  3889 | D:5      | Entered Level 5 of the Dungeon
  3975 | D:5      | Killed Pikel
  3976 | D:5      | Reached skill level 7 in Maces & Flails
  3976 | D:5      | Reached XP level 7. HP: 42/70 MP: 0/13
  3976 | D:5      | Reached XP level 8. HP: 47/78 MP: 0/14
  3984 | D:5      | Reached skill level 8 in Maces & Flails
  4115 | D:4      | Found a staircase to the Ecumenical Temple.
  4135 | D:4      | Noticed Natasha
  4147 | D:4      | Killed Natasha
  4243 | D:4      | Reached skill level 1 in Ice Magic
  4632 | D:5      | Noticed Fractals's ghost (novice DsBr)
  4633 | D:5      | Found a runed translucent door.
  4755 | D:5      | Killed Fractals's ghost
  4756 | D:5      | Reached skill level 9 in Maces & Flails
  4855 | D:5      | Noticed Prince Ribbit
  4862 | D:5      | Killed Prince Ribbit
  5157 | D:5      | Reached XP level 9. HP: 84/84 MP: 10/15
  5402 | D:5      | Found a blossoming altar of Fedhas.
  5424 | D:5      | Noticed an oklob plant
  5509 | D:5      | Noticed a moth of wrath
  5512 | D:5      | Found a bloodstained altar of Trog.
  5624 | D:5      | Killed a moth of wrath
  5909 | D:5      | Reached skill level 10 in Maces & Flails
  5909 | D:5      | Reached skill level 5 in Ice Magic
  6946 | D:6      | Reached skill level 11 in Maces & Flails
  7455 | D:7      | Found the +6 shillelagh "Devastator" {shatter}
  7457 | D:7      | Noticed a two-headed ogre
  7458 | D:7      | Noticed a gargoyle
  7823 | D:8      | Reached XP level 10. HP: 82/92 MP: 9/16
  7891 | D:8      | Reached skill level 12 in Maces & Flails
  7940 | D:8      | Found a sparkling altar of Nemelex Xobeh.
  8315 | D:8      | Found Haruzyam's Weapon Boutique.
  8474 | D:8      | Found a white marble altar of Elyvilon.
  8744 | D:8      | Found a shadowy altar of Dithmenos.
  9196 | D:10     | Entered Level 10 of the Dungeon
  9197 | D:10     | Noticed Fannar
  9207 | D:9      | HP: 1/92 [orc warrior/+0 glaive (12)]
  9208 | D:9      | Mangled by an orc warrior

Illustrated notes

Levels and vault maps discovered:
D:1:      eino_arrival_water_star, layout_basic
D:2:      layout_basic, hellmonk_ecumenical_altar_slurped_away, serial_shops,
          shop, minmay_misc_feat_hallway, serial_park_tiny_2
D:3:      layout_basic, kennysheep_potato, uniq_robin
D:4:      layout_rooms, minmay_temple_entry_slanted, uniq_menkaure, uniq_edmund,
          uniq_natasha, uniq_pikel
D:5:      layout_layer_cave, tgw_trog, tgw_fedhas,
          hellmonk_ghost_happy_afterlife, uniq_prince_ribbit1
D:6:      layout_basic, uniq_jeremiah
D:7:      layout_loops_cross, lemuel_doored_altar,
          dilly_guarded_unrand_devastator
D:8:      layout_loops_ring, elyvilon_altar_4, grunt_dithmenos_smoke,
          marbit_many_paths, serial_shops, nicolae_shop_bloodbath_and_beyond,
          dk_rats_in_the_wall
D:9:      layout_gridville, minmay_misc_feat_plants,
          minmay_misc_feat_more_columns, minivault_16
D:10:     layout_loops_ring, mainiacjoe_overflow_swirl,
          gammafunk_ghost_nasty_kobolds, uniq_fannar

Skill      XL: |  1  2  3  4  5  6  7  8  9 10 |
---------------+-------------------------------+-----
Fire Magic     | 3 4 |  4.0
Spellcasting   | 2 3 4 |  4.0
Maces & Flails | 4 5 7 9 11 12 | 12.8
Ice Magic      | 4 5 |  5.0
Fighting       | |  4.0

Action                     |  1- 3 |  4- 6 |  7- 9 | 10-12 || total
---------------------------+-------+-------+-------+-------++-------
  Melee: Mace              |    64 |    56 |       |       ||   120
         Headbutt          |     8 |     8 |    11 |     4 ||    31
         Flail             |       |    28 |    84 |    26 ||   138
         Punch             |       |     1 |     1 |       ||     2
   Cast: Scorch            |     7 |    47 |   121 |    44 ||   219
         Ozocubu's Armour  |       |       |     4 |       ||     4
    Use: Scroll            |     5 |     4 |     3 |     2 ||    14
         Potion            |     1 |     1 |       |       ||     2
 Armour: Robe              |    46 |    88 |   118 |    43 ||   295
         Steam dragon scal |       |       |       |    33 ||    33
  Dodge: Dodged            |    33 |    37 |    71 |    21 ||   162

Table legend: (Time is in decaauts)
 A = Elapsed time spent in this place.
 B = Non-inter-level travel time spent in this place.
 C = Inter-level travel time spent in this place.
 D = Time resting spent in this place.
 E = Time spent auto-exploring this place.
 F = Levels seen in this place.
 G = Mean time per level.
                   A        B        C        D        E       F      G
               +--------+--------+--------+--------+--------+-----+--------+
         Total |   9199 |   8882 |    317 |   1908 |   5624 |  10 |  919.9 |
       Dungeon |   9199 |   8882 |    317 |   1908 |   5624 |  10 |  919.9 |
               +--------+--------+--------+--------+--------+-----+--------+

Top non-repeatable levels by time:
     D:5: 2292 daAuts
     D:3: 1367 daAuts
     D:8: 1139 daAuts
     D:4: 1093 daAuts
     D:2: 1067 daAuts
     D:1: 713 daAuts
     D:7: 604 daAuts
     D:6: 557 daAuts
     D:9: 357 daAuts
    D:10: 6 daAuts
